 Dungeon Crawl Stone Soup version 0.28-a0-724-g66f9036eb4 (webtiles) character file.

Game seed: 10809849743866208237

287 pokeman the Magician (level 6, 0/34 HPs)
             Began as a Deep Elf Hedge Wizard on Oct 26, 2021.
             Slain by an orc (1 damage)
             ... on level 5 of the Dungeon.
             The game lasted 00:08:58 (3531 turns).

pokeman the Magician (Deep Elf Hedge Wizard)        Turns: 3531, Time: 00:08:58

Health: 0/34       AC:  4    Str:  7    XL:     6   Next: 8%
Magic:  14/17      EV: 12    Int: 21    God:
Gold:   100        SH:  0    Dex: 14    Spells: 7/18 levels left

rFire   + . .      SeeInvis .   b - +1 dagger (drain)
rCold   . . .      Faith    .   (no shield)
rNeg    . . .      Spirit   .   h - +0 leather armour
rPois   .          Reflect  .   c - +0 hat
rElec   .          Harm     .   m - +0 cloak
rCorr   .          Rampage  .   (no gloves)
Will    .....                   (no boots)
Stlth   ++........              (no amulet)
HPRegen 0.11/turn               u - ring of protection from fire
MPRegen 0.15/turn               (no ring)

@: no status effects
A: no striking features
a: no special abilities


You were on level 5 of the Dungeon.
You visited 1 branch of the dungeon, and saw 5 of its levels.

You collected 100 gold pieces.

Inventory:

Hand Weapons
 b - a +1 dagger of draining (weapon)
Missiles
 e - 59 arrows
 q - 18 bolts
Armour
 c - a +0 hat (worn)
 h - a +0 leather armour (worn)
 m - a +0 cloak (worn)
 v - a +2 kite shield of reflection
Magical Staves
 i - a staff of poison
Jewellery
 u - a ring of protection from fire (left hand)
Scrolls
 a - 2 scrolls of identify {unknown}
 d - 2 scrolls of magic mapping {unknown}
 f - 3 scrolls of teleportation {unknown}
 k - a scroll of blinking {unknown}
 l - 2 scrolls of enchant weapon {unknown}
 o - a scroll of noise {unknown}
 r - a scroll of enchant armour {unknown}
 t - a scroll of immolation {unknown}
Potions
 g - 2 potions of might {unknown}
 j - a potion of heal wounds {unknown}
 n - 2 potions of berserk rage {unknown}
 p - a potion of flight {unknown}
 s - a potion of curing {unknown}


   Skills:
 - Level 1.0 Fighting
 - Level 1.1 Armour
 - Level 3.1 Dodging
 - Level 3.0 Stealth
 * Level 6.7 Spellcasting
 + Level 3.0 Conjurations
 - Level 1.1 Summonings
 - Level 1.1 Translocations
 - Level 1.0 Fire Magic
 - Level 1.3 Air Magic
 + Level 0.0 Poison Magic
 + Level 0.0 Evocations


You had 7 spell levels left.
You knew the following spells:

 Your Spells              Type           Power      Damage    Failure   Level
a - Magic Dart            Conj           80%        1d7       3%          1
b - Mephitic Cloud        Conj/Pois/Air  13%        N/A       22%         3
c - Call Imp              Summ           11%        N/A       13%         2
d - Blink                 Tloc           22%        N/A       13%         2
e - Conjure Flame         Conj/Fire      15%        6-21      17%         3

Your spell library contained the following spells:

 Spells                   Type           Power      Damage    Failure   Level
 Static Discharge         Conj/Air       16%        N/A       9%          2
 Slow                     Hex            7%         N/A       21%         2
 Lightning Bolt           Conj/Air       8%         1d20      83%         5
 Maxwell's Capacitive Co  Air            6%         ∞         100%        8


Dungeon Overview and Level Annotations

Branches:
Dungeon (4/15)
 Temple: D:4-7

Altars:
Trog
The Shining One

Shops:
D:3 (

Annotations:
D:5 Menkaure


Message History

Confirm with . or Enter, or press ? or * to list all spells.
A beastly little devil appears in a puff of flame.
The white imp gestures at you. The puff of frost hits you!
Unknown command.
You hit the white imp.
The white imp is lightly wounded.
The white imp completely misses you.
Your crimson imp blinks!
Unknown command.
Found a shiny kite shield.
The white imp gestures at you. The puff of frost hits you.
The iguana misses your crimson imp.
Your magical contamination has completely faded away.
The white imp gestures at you. The puff of frost misses you.
Found a smoky red potion.
The white imp gestures at you. The puff of frost hits you.
Your crimson imp barely misses the ogre.
You see here 23 stones.
The iguana misses your crimson imp. The white imp gestures at you.
The puff of frost hits you.
Your crimson imp hits the ogre but does no damage.
The iguana completely misses your crimson imp.
You see here a +2 kite shield of reflection.
v - a +2 kite shield of reflection Your crimson imp closely misses the white imp.
Your crimson imp blinks!
Menkaure, Prince of Dust comes into view.
Found 10 gold pieces.
Found a scroll labelled ZENGEM FADDIT.
An orc comes into view. It is wielding a +0 mace.
An orc comes into view. It is wielding a +0 war axe.
The white imp grins evilly.
You completely miss the orc. The ogre hits you with a +0 giant club!
* * * LOW HITPOINT WARNING * * *
The orc hits you with a +0 mace.
You die...

#. #. ##.##
##...##
#.....##
.###....?.
.......oo# #
#....@# #.##
##..O## .....
##...# #..#
#.5.# ##.#...
#...######
#...... .
#.l.......
..##.##
#.####...####..
#
#............$.
...............


You could see an ogre, an iguana, a white imp and 2 orcs.

Vanquished Creatures
  A sky beast (D:5)
  A howler monkey (D:4)
  An iguana (D:2)
  4 gnolls (D:3)
  An adder (D:3)
  5 dart slugs
  7 ball pythons
  5 bats
  7 endoplasms
  A giant cockroach (D:2)
  4 goblins
  8 hobgoblins
  6 jackals
  4 quokkas
  3 frilled lizards
  7 kobolds
  10 rats
75 creatures vanquished.

Notes
Turn   | Place    | Note
-------+----------+-------------------------------------------
     0 | D:1      | pokeman the Deep Elf Hedge Wizard began the quest for the
                  | Orb.
     0 | D:1      | Reached XP level 1. HP: 10/10 MP: 7/7
   234 | D:1      | Reached XP level 2. HP: 16/16 MP: 4/9
   500 | D:1      | Found a faded altar of an unknown god.
   934 | D:2      | Reached skill level 5 in Spellcasting
  1064 | D:2      | Reached XP level 3. HP: 20/20 MP: 5/11
  1068 | D:2      | Learned a level 3 spell: Mephitic Cloud
  1071 | D:2      | Learned a level 2 spell: Call Imp
  1074 | D:2      | Learned a level 2 spell: Blink
  1078 | D:2      | Learned a level 3 spell: Conjure Flame
  1314 | D:2      | Reached skill level 1 in Fighting
  1314 | D:2      | Reached skill level 1 in Armour
  1639 | D:2      | Reached XP level 4. HP: 25/25 MP: 5/13
  2888 | D:3      | Reached skill level 1 in Fire Magic
  2896 | D:3      | Reached skill level 6 in Spellcasting
  2924 | D:3      | Reached XP level 5. HP: 22/29 MP: 2/15
  3109 | D:3      | Found Lucsuum's Weapon Shop.
  3330 | D:4      | You fall into a shaft and drop 1 floor!
  3330 | D:5      | Entered Level 5 of the Dungeon
  3361 | D:5      | Noticed a sky beast
  3361 | D:5      | Noticed an ogre
  3370 | D:5      | Killed a sky beast
  3371 | D:5      | Reached skill level 1 in Air Magic
  3371 | D:5      | Reached XP level 6. HP: 23/34 MP: 10/17
  3420 | D:5      | Found a glowing golden altar of the Shining One.
  3421 | D:5      | Found a bloodstained altar of Trog.
  3514 | D:5      | Noticed Menkaure
  3531 | D:5      | HP: 1/34 [ogre (14)]
  3531 | D:5      | Slain by an orc

Illustrated notes

Levels and vault maps discovered:
D:1:      onia_arrival_pyramid, layout_rooms, hellmonk_ecumenical_altar_zigzags
D:2:      layout_basic, dk_noncrumbling_4
D:3:      layout_loops_ring, serial_shops, nicolae_diamond_shop
D:4:      cheibrodos_barr_body, layout_gridville, enter_ossuary_4,
          chequers_arboretum, uniq_pikel, uniq_edmund
D:5:      layout_loops_cross, nicolae_uskayaw_murder_on_the_dancefloor,
          mainiacjoe_overflow_divided_tiny, uniq_menkaure

Skill      XL: |  1  2  3  4  5 |
---------------+----------------+-----
Spellcasting   | 5 6 |  6.7
Fighting       | 1 |  1.0
Armour         | 1 |  1.1
Conjurations   | 2 3 |  3.0
Fire Magic     | 1 |  1.0
Dodging        | 3 |  3.1
Stealth        | 3 |  3.0
Air Magic      | 1 |  1.3
Summonings     | |  1.1
Translocations | |  1.1

Action                   |  1- 3 |  4- 6 || total
-------------------------+-------+-------++-------
Melee: Dagger            |    24 |    33 ||    57
 Cast: Magic Dart        |    77 |    73 ||   150
       Mephitic Cloud    |     1 |     6 ||     7
       Blink             |       |     4 ||     4
       Call Imp          |       |     1 ||     1
 Stab: Confused          |     1 |       ||     1
       Sleeping          |       |     2 ||     2
Armor: Leather armour    |     5 |     6 ||    11
Dodge: Dodged            |    19 |    25 ||    44

Table legend: (Time is in decaauts)
 A = Elapsed time spent in this place.
 B = Non-inter-level travel time spent in this place.
 C = Inter-level travel time spent in this place.
 D = Time resting spent in this place.
 E = Time spent auto-exploring this place.
 F = Levels seen in this place.
 G = Mean time per level.
                   A        B        C        D        E       F      G
               +--------+--------+--------+--------+--------+-----+--------+
         Total |   3531 |   3489 |     42 |    335 |   2403 |   5 |  706.2 |
       Dungeon |   3531 |   3489 |     42 |    335 |   2403 |   5 |  706.2 |
               +--------+--------+--------+--------+--------+-----+--------+

Top non-repeatable levels by time:
     D:2: 1226 daAuts
     D:1: 1041 daAuts
     D:3: 1005 daAuts
     D:5: 200 daAuts
     D:4: 57 daAuts
